Cogmind - Beta 13 @@@ ROGUE MODE // 2024.07.26 @ 19:39:51 Player: kirkalish Result: Destroyed by S-10 Pest with Light Assault Rifle Performance ------------- Evolutions (0) 0 Regions Visited (1) 200 Robots Destroyed (13) 65 Value Destroyed (281) 281 Prototype IDs (3) 60 Alien Tech Used (0) 0 Bonus (0) 0 TOTAL SCORE: 606 Bonus ------- None Cogmind --------- Core Integrity 0/250 Matter 270/300 Energy 268/280 System Corruption 0% Temperature Warm (194) Movement Hovering (180) Ox2 Location -10/Materials Parts ------- > --- POWER (1) -------- Heavy Ion Engine > --- PROPULSION (2) --- Improved Hover Unit > --- UTILITY (2) ------ Small Storage Unit Targeting Computer > --- WEAPON (2) ------- Beam Cannon Beam Cannon > --- INVENTORY (8) ---- Heavy Ion Engine Cooling System Large Battery (200) Signal Interpreter Peak State ------------ > --- POWER ------------ Heavy Ion Engine > --- PROPULSION ------- Improved Hover Unit Improved Hover Unit > --- UTILITY ---------- Small Storage Unit Targeting Computer > --- WEAPON ----------- Beam Cannon Beam Cannon > --- INVENTORY -------- Heavy Ion Engine Improved Hover Unit Heat Sink Large Battery Signal Interpreter Beam Cannon Mining Laser [Rating: 12] Favorites ----------- Power Ion Engine Engine Ion Engine Propulsion Improved Hover Unit Treads Light Treads Hover Unit Improved Hover Unit Utility Small Storage Unit Storage Small Storage Unit Processor Targeting Computer Weapon Beam Cannon Energy Gun Medium Laser Energy Cannon Beam Cannon Special Weapon Mining Laser Build | -11 -10 ------- Run | Yrd Mat Slots Evolved . | . . Power . | . . Propulsion . | . . Utility . | . . Weapon . | . . Parts Attached 20 | 6 14 Power 4 | 1 3 Engine 4 | 1 3 Core . | . . Reactor . | . . Propulsion 7 | 2 5 Treads 2 | 2 . Leg . | . . Wheel . | . . Hover 5 | . 5 Flight . | . . Utility 3 | 1 2 Device . | . . Storage 2 | 1 1 Processor 1 | . 1 Hackware . | . . Protection . | . . Artifact . | . . Weapon 6 | 2 4 Energy Gun 2 | 2 . Energy Cannon 3 | . 3 Ballistic Gun . | . . Ballistic Cannon . | . . Launcher . | . . Special Weapon 1 | . 1 Impact Weapon . | . . Slashing Weapon . | . . Piercing Weapon . | . . Special Melee Weapon . | . . Unidentified Prototypes 1 | . 1 Parts Lost 3 | . 3 Power 1 | . 1 Propulsion 1 | . 1 Utility . | . . Weapon 1 | . 1 Highest Loss Streak 2 | . 2 To Critical Strikes . | . . Average Slot Usage (%) 88 | . 88 Engine 11 | . 11 Treads 8 | . 8 Hover 18 | . 18 Storage 13 | . 13 Processor 9 | . 9 Energy Gun 6 | . 6 Energy Cannon 15 | . 15 Special Weapon 1 | . 1 Naked Turns . | . . Heaviest Build 19 | 13 19 Greatest Support 40 | 40 40 Greatest Overweight (x) 2 | 1 2 Average Overweight (x) . | . . Largest Inventory Capacity 8 | 8 8 Average Capacity 7 | 7 7 Most Carried 8 | . 8 Average Carried 4 | . 4 Final Capacity 8 | 8 8 Final Carried 4 | . 4 Class Distribution -------------------- 100% | Mutant Dominant Class ---------------- Mutant | -10/Materials Resources | -11 -10 ----------- Run | Yrd Mat Matter Collected 388 | 212 176 Remotely . | . . Salvage Created 356 | . 356 Parts 27 | . 27 Haulers Intercepted . | . . Recyclers Shooed . | . . Parts Field Recycled . | . . Retrieved Matter . | . . Parts Self-Destructed . | . . Prevented . | . . Kills | -11 -10 ------- Run | Yrd Mat Combat Hostiles Destroyed 9 | . 9 Guns 1 | . 1 Cannons 8 | . 8 Classes Destroyed 5 | . 5 Worker 1 | . 1 Builder 1 | . 1 Watcher 2 | . 2 Swarmer 4 | . 4 Grunt 5 | . 5 Best Kill Streak 4 | . 4 Combat Bots Only 3 | . 3 Max Kills in Single Turn 2 | . 2 Gunslinging . | . . Exploded . | . . Melee . | . . Uniques/NPCs Destroyed . | . . Combat | -11 -10 -------- Run | Yrd Mat Hostile Shots Fired 70 | . 70 Missed 13 | . 13 Damage Taken 662 | . 662 Core 252 | . 252 Absorbed by Shields . | . . Regen/Repaired (Parts) 196 | . 196 Core Remaining (%) 100 | 100 . Volleys Fired 31 | . 31 Largest 2 | . 2 Hottest 120 | . 120 Shots Fired 53 | . 53 Gun 11 | . 11 Cannon 42 | . 42 Launcher . | . . Special . | . . Kinetic . | . . Thermal 53 | . 53 Explosive . | . . Electromagnetic . | . . Robot Hit Streak 6 | . 6 Robot Miss Streak 3 | . 3 Penetration Max . | . . Secondary Targets . | . . Shots Hit Robots 31 | . 31 Core Hits 12 | . 12 Critical Kills 1 | . 1 Critical Parts Destroyed . | . . Critical Strikes 2 | . 2 Burn 1 | . 1 Meltdown 1 | . 1 Melee Attacks . | . . Impact . | . . Slashing . | . . Piercing . | . . Sneak Attacks . | . . Combat Hostiles . | . . Follow-up Attacks . | . . Damage Inflicted 587 | . 587 Guns 76 | . 76 Cannons 455 | . 455 Explosions 53 | . 53 Melee . | . . Ramming 3 | . 3 Kinetic . | . . Thermal 584 | . 584 Explosive . | . . Electromagnetic . | . . Impact . | . . Slashing . | . . Piercing . | . . Highest Corruption . | . . Average Corruption . | . . Corruption Purged . | . . Corruption Blocked . | . . Overload Shots . | . . Overflow Damage 13 | . 13 Projectiles . | . . Explosions 13 | . 13 Melee . | . . Knockbacks . | . . Impact . | . . Kinetic . | . . Secondary . | . . Self-Inflicted Damage 3 | . 3 Shots . | . . Rammed . | . . Targets Rammed . | . . Kicked . | . . Crushed . | . . Highest Temperature 684 | . 684 Average Temperature 225 | . 225 Received Heat Transfer 177 | . 177 Effects 16 | . 16 Shutdowns 4 | . 4 Interference 1 | . 1 Matter Decay 1 | . 1 Short Circuit 2 | . 2 Damage (minor) 3 | . 3 Damage (major) 2 | . 2 Damage (core) 3 | . 3 Siege Activations . | . . Robots Corrupted . | . . Combat Hostiles . | . . Parts Fried . | . . Impact Corruptions . | . . Robots Melted 1 | . 1 Combat Hostiles . | . . Parts Melted 2 | . 2 Heat Transferred 1308 | . 1308 Parts Sabotaged . | . . Parts Stolen . | . . Parts Stripped . | . . Power Chain Reactions . | . . Alert | -11 -10 ------- Run | Yrd Mat Peak Influence 274 | . 274 Initial . | . . Average 71 | . 81 Maximum Alert Level 1 | . 1 Low Security (%) 94 | 100 93 Level 1 5 | . 6 Level 2 . | . . Level 3 . | . . Level 4 . | . . Level 5 . | . . High Security . | . . Max Security . | . . Squads Dispatched 2 | . 2 Investigation 2 | . 2 Extermination . | . . Reinforcement . | . . Assault . | . . Garrison . | . . Intercept . | . . Searches Triggered . | . . Construction Impeded . | . . Haulers Reinforced . | . . Active Scanning Responses . | . . Cargo Convoy Interrupts . | . . Stealth | -11 -10 --------- Run | Yrd Mat Distress Signals 1 | . 1 Communications Jammed . | . . Distress Signals . | . . Times Spotted 15 | . 15 Peak Tracking Total 4 | . 4 Tactical Retreats . | . . Traps | -11 -10 ------- Run | Yrd Mat Traps Triggered 1 | . 1 Indirectly . | . . Trap Hack Attempts . | . . Triggered . | . . Disarmed . | . . Reprogrammed . | . . Reused . | . . Traps Extracted . | . . Installed . | . . Triggered . | . . Machines | -11 -10 ---------- Run | Yrd Mat Machines Disabled 2 | . 2 Max in Single Turn 2 | . 2 Machines Repaired . | . . Machines Dismantled . | . . Machines Sabotaged . | . . Overloaded Fab Kills . | . . Hacking | -11 -10 --------- Run | Yrd Mat Machines Accessed 6 | . 6 Terminals 4 | . 4 Fabricators . | . . Repair Stations 1 | . 1 Recycling Units 1 | . 1 Scanalyzers . | . . Garrison Access . | . . Total Hacks 19 | . 19 Successful 14 | . 14 Failed 5 | . 5 Catastrophic 1 | . 1 Database Lockouts . | . . Manual 3 | . 3 Terminals 9 | . 9 Fabricators . | . . Repair Stations 9 | . 9 Recycling Units 1 | . 1 Scanalyzers . | . . Garrison Access . | . . Terminal Hacks 4 | . 4 Prototype ID Bank 1 | . 1 Alert Level 1 | . 1 Zone Layout 2 | . 2 Fabricator Hacks . | . . Repair Station Hacks 9 | . 9 Scan Component 5 | . 5 Repair 4 | . 4 Recycling Unit Hacks 1 | . 1 Report Inventory 1 | . 1 Scanalyzer . | . . Garrison Access Hacks . | . . Unauthorized Hacks . | . . Terminals . | . . Fabricators . | . . Repair Stations . | . . Recycling Units . | . . Scanalyzers . | . . Garrison Access . | . . Data Cores Recovered . | . . Used . | . . Hacking Detections 4 | . 4 Full Trace Events 3 | . 3 Feedback Events . | . . Feedback Blocked . | . . Robot Schematics Acquired . | . . Robots Built . | . . Authchips . | . . Time . | . . Total Robot Build Rating . | . . Part Schematics Acquired . | . . Parts Built . | . . Authchips . | . . Time . | . . Total Part Build Rating . | . . Parts Repaired 4 | . 4 Time 141 | . 141 Parts Recycled . | . . Recycled Matter . | . . Retrieved Matter . | . . Retrieved Components . | . . Parts Scanalyzed . | . . Part Schematics Acquired . | . . Parts Damaged . | . . Bothacking | -11 -10 ------------ Run | Yrd Mat Used RIF Installer . | . . Robots Hacked . | . . Non-combat . | . . Combat . | . . Robot Hacks Applied . | . . Relay Couplers Released . | . . Fabnet Peak Effective % . | . . Robots Rewired . | . . Allies Hacked . | . . Hacks Repelled . | . . Allies | -11 -10 -------- Run | Yrd Mat Total Allies . | . . Largest Group . | . . Highest-Rated Group . | . . Highest-Rated Ally . | . . Total Orders . | . . Ally Attacks . | . . Total Damage . | . . Kills . | . . Allies Corrupted . | . . Allies Melted . | . . Intel | -11 -10 ------- Run | Yrd Mat Robot Analysis Total . | . . Derelict Logs Recovered . | . . Drone Launches . | . . Drone Recoveries . | . . Exploration | -11 -10 ------------- Run | Yrd Mat Turns Passed 1113 | 147 966 Spaces Moved 617 | 101 516 Core 25 | 25 . Treads 258 | 76 182 Legs . | . . Wheels . | . . Hover 334 | . 334 Flight . | . . Fastest Speed 50 | 50 56 Average Speed 126 | 137 124 Slowest Speed 180 | 160 180 Overloaded Moves . | . . Propulsion Burnouts . | . . Robots Hopped . | . . Cave-ins Triggered . | . . Exploration Rate (%) 37 | 5 69 Regions Visited 1 Branch Regions . Pre-discovered Areas . | . . Known Exits Taken . | . . Unknown Exits Taken 1 | 1 . Scrap Searched . | . . Spaces Dug . | . . Terrain Destroyed 21 | . 21 Melee . | . . Projectile . | . . AOE 21 | . 21 Terrain Rammed 1 | . 1 Walls Destroyed . | . . Machines Disabled . | . . Actions | -11 -10 --------- Run | Yrd Mat Total 895 | 107 788 Wait 200 | . 200 Move 616 | 100 516 Hop . | . . Pick Up 17 | . 17 Fast Attach 12 | 6 6 Attach 4 | . 4 Detach . | . . Swap 4 | . 4 Drop 10 | 1 9 Fire 31 | . 31 Melee . | . . Ram 1 | . 1 Kick . | . . Crush . | . . Escape Stasis . | . . Rewire . | . . Trap . | . . Miscellaneous . | . . Route ------- -11/Scrapyard -10/Materials (discovered 2 exits: [*Mat] / [*Min]) History --------- Turn | Location | Event 4 | -11/Scrapyard | Discovered new exit (range 15) 148 | -11/Scrapyard | Entered Materials 301 | -10/Materials | Build established: Mutant 304 | -10/Materials | Discovered new exit (range 15) 630 | -10/Materials | Core integrity fell below 50% 810 | -10/Materials | Discovered new exit (range 15) 897 | -10/Materials | Core integrity fell below 20% 979 | -10/Materials | Repaired Hvy. Ion Engine 1011 | -10/Materials | Repaired Imp. Hover Unit 1048 | -10/Materials | Repaired Imp. Hover Unit 1076 | -10/Materials | Repaired Sml. Storage Unit 1114 | -10/Materials | Destroyed by S-10 Pest with Light Assault Rifle Last Messages --------------- 01076_ R-06 Scavenger inserts Mining Laser into recycling unit. 01078_ Connecting with Repair Station... >>Scan(Beam Cannon) Scanning Beam Cannon... Ready to Repair: Beam Cannon Rating: 1 Time: 26 01078_ ALERT: Suspicious activity at Repair Station M001. Dispatching Investigation squad. 01079_ R-06 Scavenger inserts Imp. Hover Unit into recycling unit. 01080_ Recycling unit begins recycling process. 01094_ G-34 Mercenary destroyed. 01097_ S-10 Pest destroyed. 01098_ Beam Cannon destroyed. 01105_ Imp. Hover Unit destroyed. 01109_ Overheating: System interference. 01109_ Beam Cannon temporarily disabled. Map ----- +----------------------------------------------------+ | ?????????????????????????????????? | | ?????????????????????????????????? | | ?????????????????????????????????? | | ?????????????????????????????????? | | ?????????????????????????????????? | | ?????????????????????????????????? | | ?????????????????????????????????? | | ?????????????????????????????????? | | ?????????????????????????????????? | | ?????????????????????????????????? | | ???????????????????????? ????????? | | ???????????????????????? ????????? | | ???????????????????????? ????????? | | ???????????????????????# ????????? | | ???????????????????????# ????????? | | ???????????????????????# ####????? | | ???????????????????????# #????? | | ???????????????????????#= #????? | | ???????????????????????#%= #????? | | ???????????????????????#[ #????? | | ????????????????????##?# ####?? | | ???????????# ########T## !##? | | #??????????#k !#? | | #??????????# [%s!#? | | #??????????# * !#? | | #??????????#! r @ s !#? | | #??????????# """" m !#?? | | #??????????# """" ##### ######?? | | #??????????# """" #???# #??????? | | #??????????# #?###+######?? | | #??????????# #?# #?? | | ???????????# """" #?# """ #?? | | ???????????# """" ### """ #?? | | ???????????# """" * # """ #?? | | ############ %=!= + #?? | | %%[* # #?? | | ### #### "Y" #?? | | ## ?# """ #?? | | ## ## #?? | | ## #####" "###?? | | ############ ## #???#"R"#???? | | #??????????# ## #???#"""#???? | | #??????????# ## #???#####???? | | #??????????# T #???????????? | | #??????????# ""# #???????????? | | #??????????# #######???????????? | | #??????????# #?????????????????? | | #??????????# #?????????????????? | | #??????????# #?????????????????? | | #??????????# #?????????????????? | +----------------------------------------------------+ Best States ------------- Heat Dissipation 25 Energy Generation 14 Energy Capacity 280 Matter Stores 300 Matter Capacity 300 Sight Range 16 Terrain Scan Density 10 Evasion (%) 53 Targeting Accuracy 5 Recoil Reduction 2 Item Schematics ----------------- None Robot Schematics ------------------ None Fabricated ------------ Nothing Alien Tech Used ----------------- None Achievements -------------- None Challenges ------------ None Game ------ Seed BoreTachyonSplitter Manual? 0 Play Time 00:15:59 Cumulative 8.0 hours Start 2024.07.26 @ 19:24:45 End 2024.07.26 @ 19:39:51 Sessions 1 Manual Loads 0 Difficulty Rogue Special Mode None Game No. 19 Rogue 19 Adventurer 0 Explorer 0 Win Type - Total 0 Types 0/0/0/0/0/0/0/0/0 Lore% 2 Gallery% 10 Achievement% 7 Wizard Run 0 Options --------- Layout 1 ASCII 0 Keyboard 0 Movement Mouse Keybinds 0 Fullscreen 2 Font 32/SmallcapsGlow Map View 50x35 Zoom Use 0% Tactical HUD 1 Map Filters NONE Filters NONE Steam 1 RUN: 24fd010f-5e3d-4fae-ae52-e3e350fcffef